 Dungeon Crawl Stone Soup version 0.26.1-2-gb8aa6d0cf2 (webtiles) character file.

Game seed: 15145346209198865834

112 MajorAdolf the Stinger (level 4, 0/42 HPs)
             Began as a Naga Wanderer on Mar 15, 2021.
             Slain by an orc
             ... wielding a +1 hand axe of electrocution
              (3 damage)
             ... on level 3 of the Dungeon.
             The game lasted 00:05:00 (3744 turns).

MajorAdolf the Stinger (Naga Wanderer)              Turns: 3744, Time: 00:05:01

Health: 0/42       AC:  4    Str: 14    XL:     4   Next: 93%
Magic:  4/4        EV:  7    Int: 12    God:
Gold:   75         SH:  7    Dex: 12    Spells: 2/3 levels left

rFire    . . .     SeeInvis +   n - +0 hand axe
rCold    . . .     Faith    .   e - +0 kite shield
rNeg     . . .     Spirit   .   d - +0 robe
rPois    +         Reflect  .   (no helmet)
rElec    .         Harm     .   q - +0 cloak
rCorr    .         Rampage  .   l - +0 pair of gloves
Will     .....                  (no barding)
Stlth    ++........             (no amulet)
HPRegen  0.14/turn              (no ring)
MPRegen  0.09/turn              (no ring)

@: short of breath, very slow
A: large, see invisible, deformed body, poison resistance, slowness 2, spit
poison 1, AC +1
a: Spit Poison


You were on level 3 of the Dungeon.
You visited 1 branch of the dungeon, and saw 3 of its levels.

You collected 75 gold pieces.

Inventory:

Hand Weapons
 a - a +0 club
 b - a +0 quarterstaff
 n - a +0 hand axe (weapon)
Armour
 d - a +0 robe (worn)
 e - a +0 kite shield (worn)
 l - a +0 pair of gloves (worn)
 q - a +0 cloak (worn)
Scrolls
 c - 2 scrolls of fear {unknown}
 f - 5 scrolls of identify {unknown}
 g - 3 scrolls of remove curse {unknown}
 m - 2 scrolls of amnesia {unknown}
 o - a scroll of magic mapping {unknown}
 p - 2 scrolls of enchant armour {unknown}
Potions
 h - a potion of cancellation {unknown}
 i - a potion of flight {unknown}
 j - a potion of lignification {unknown}
 k - a potion of degeneration {unknown}
 r - a potion of haste
 s - a potion of attraction {unknown}


   Skills:
 + Level 3.3 Fighting
 * Level 1.7 Axes
 - Level 2.0 Staves
 + Level 0.9 Armour
 + Level 1.0 Dodging
 + Level 2.6 Stealth
 + Level 1.6 Shields
 - Level 4.0 Poison Magic
 + Level 1.5 Evocations


You had 2 spell levels left.
You knew the following spells:

 Your Spells              Type           Power        Failure   Level
a - Sting                 Tmut/Pois      16%          56%         1

Your spell library contained the following spells:

 Spells                   Type           Power        Failure   Level
 Mephitic Cloud           Conj/Pois/Air  3%           95%         3


Dungeon Overview and Level Annotations

Branches:
Dungeon (3/15)

Altars:


Innate Abilities, Weirdness & Mutations

You cannot wear boots.
Your serpentine skin is tough. (AC +1)
You have supernaturally acute eyesight. (SInv)
Armour fits poorly on your strangely shaped body.
Your system is resistant to poisons. (rPois)
You cover ground very slowly.
You can spit poison.


Message History

You block the orc's attack. The orc closely misses you.
The rat twitches its whiskers.
The orc hits you but does no damage.
You are electrocuted!
* * * LOW HITPOINT WARNING * * *
You block the orc's attack.
Okay, then.
You have got your breath back.
The orc hits you but does no damage.
Press: ? - help, Shift-Dir - straight line, f/p - orc
Aim: an orc, wielding a +1 hand axe of electrocution and wearing a +0 ring mail (fast)
The splash of poison hits the orc but does no damage.
The orc is poisoned.
The orc hits you with a +1 hand axe of electrocution.
* * * LOW HITPOINT WARNING * * *
The orc hits you with a +1 hand axe of electrocution.
* * * LOW HITPOINT WARNING * * *
An orc priest comes into view. It is wielding a +0 dagger.
The orc hits you with a +1 hand axe of electrocution.
You die...

##<..o. ..!...
###### ##.o..#
....#..#.o..# ###
#.#.#..#.r..# #
...#.#.#..#....#..#
###.#..............#
#.....#@####..###.##
#.#.#.#o#..........#
#.#.#r######.##..# #
#.#o..r..o.# #
#.###########
#.#.........#
#.###.#####.#
#.#...# #.#
#.#.#######.#


You could see 2 orcs and a rat.

Vanquished Creatures
  5 adders (D:2)
  An ooze (D:3)
  2 worms
  3 dart slugs
  A leopard gecko (D:2)
  7 bats
  5 giant cockroaches
  6 hobgoblins
  4 jackals (D:3)
  3 kobolds
  3 frilled lizards
  5 goblins
  5 rats
50 creatures vanquished.

Notes
Turn   | Place    | Note
-------+----------+-------------------------------------------
     0 | D:1      | MajorAdolf the Naga Wanderer began the quest for the Orb.
     0 | D:1      | MajorAdolf set off with the following items: a +0 club, a
                  | +0 quarterstaff, a +0 robe, a +0 kite shield; and the
                  | following spell memorised: Sting; and the following spells
                  | available to memorise: Mephitic Cloud
     0 | D:1      | Reached XP level 1. HP: 21/21 MP: 1/1
   606 | D:1      | Reached XP level 2. HP: 26/28 MP: 2/2
  1808 | D:2      | Reached skill level 1 in Evocations
  1808 | D:2      | Reached XP level 3. HP: 19/34 MP: 3/3
  2206 | D:2      | Reached skill level 1 in Axes
  2551 | D:2      | Reached XP level 4. HP: 33/42 MP: 4/4
  3120 | D:2      | Reached skill level 1 in Dodging
  3744 | D:3      | Slain by an orc

Illustrated notes

Levels and vault maps discovered:
D:1:      heliophobic_arrival_glass_houses, layout_loops_corners,
          serial_park_tiny_2, hex_tiny
D:2:      layout_basic
D:3:      layout_basic

Skill      XL: |  1  2  3  4 |
---------------+-------------+-----
Stealth        | 2 |  2.6
Evocations     | 1 |  1.5
Axes           | 1 |  1.7
Dodging        | 1 |  1.0
Fighting       | |  3.3
Staves         | |  2.0
Armour         | |  0.9
Shields        | |  1.6
Poison Magic   | |  4.0

Action                   |  1- 3 |  4- 6 || total
-------------------------+-------+-------++-------
Melee: Club              |    66 |       ||    66
       Hand axe          |    42 |    63 ||   105
 Abil: Spit Poison       |    19 |    10 ||    29
 Stab: Sleeping          |     2 |     3 ||     5
       Distracted        |       |     1 ||     1
Armor: Robe              |    33 |    18 ||    51
Dodge: Dodged            |    53 |    32 ||    85
Block: Kite shield       |    58 |    31 ||    89
